 Dungeon Sprint DCSS version 0.14-a0-3520-g290746a (webtiles) character file.

44908 BluebellGnoll the Imperceptible (level 13, 47/72 (74) HPs)
             Began as a Spriggan Enchanter on Mar 26, 2014.
             Was the Champion of Vehumet.
             Quit the game in the Dungeon (Sprint II: "The Violet Keep of Menkaure") on Mar 27, 2014.
             The game lasted 00:54:25 (4039 turns).

BluebellGnoll the Imperceptible (SpEn)              Turns: 4039, Time: 00:54:25

HP  47/72 (74)   AC  5     Str  2      XL: 13   Next: 88%
MP  35/39        EV 38     Int 20      God: Vehumet [******]
Gold 1974        SH  0     Dex 18      Spells:  9 memorised, 15 levels left

rFire  + . .     SeeInvis +     a - +1,+2 dagger
rCold  + . .     Clarity  .     v - +2 robe {rF+}
rNeg   . . .     Conserve .     (shield restricted)
rPois  +         rCorr    .     (helmet restricted)
rElec  .         rRot     .     B - +0 cloak
SustAb . .       Spirit   .     (gloves unavailable)
rMut   .         Warding  .     (boots unavailable)
Saprov . . .     NoTele   +     (no amulet)
MR     ++...                    (no ring)
                                y - ring of the Furies {Wiz rPois}

@: overloaded, very slightly contaminated, quick, very resistant to hostile
enchantments, stealthy
A: unfitting armour, repulsion field 1, see invisible, cold resistance 1,
herbivore 3, speed 3, robust 1, screaming 1, slow metabolism 2, weak 1
a: Renounce Religion


You were in the Dungeon.
You worshipped Vehumet.
Vehumet was exalted by your worship.
You were overloaded with stuff.
You were full.

You visited 1 branch You collected 2880 gold pieces.
You spent 906 gold pieces at shops.

Inventory:

Hand weapons
 a - a +1,+2 dagger (weapon)
 x - a -1 blowgun
 z - a +0,+0 dagger of draining
Missiles
 d - 12 darts (quivered)
 A - 5 curare-tipped needles
Armour
 h - a +0 robe of cold resistance
 v - a +2 robe of fire resistance (worn)
 B - a +0 cloak (worn)
Magical devices
 b - a wand of random effects (11) {unknown}
Scrolls
 j - 3 scrolls of identify
 n - a scroll of fear
 q - a scroll of enchant weapon I
Jewellery
 f - an uncursed ring of ice
 i - an uncursed ring of protection from magic {unknown}
 o - a +2 ring of evasion {unknown}
 y - the ring of the Furies (left hand) {Wiz rPois}
   (You bought it in a shop in the Dungeon)

   [ring of wizardry]

   It protects you from poison.
Potions
 g - 2 potions of heal wounds
 k - a potion of berserk rage
 m - 5 potions of curing
 p - 5 potions of flight
 r - 2 potions of haste
 s - 2 potions of resistance
 t - a potion of brilliance
 w - a potion of degeneration {unknown}
 C - 16 potions of mutation
Books
 c - a book of Maledictions

   Spells                             Type                      Level
   *Corona                            Hexes                        1
   *Sure Blade                        Hexes/Charms                 2
   *Ensorcelled Hibernation           Hexes/Ice                    2
   *Confuse                           Hexes                        3
   *Enslavement                       Hexes                        4
   *Invisibility                      Hexes                        6
Miscellaneous
 l - a phial of floods


   Skills:
 * Level 8.3 Fighting
 * Level 19.0 Short Blades
 - Level 1.1 Throwing
 * Level 21.4 Dodging
 - Level 26.2 Stealth
 + Level 17.8 Spellcasting
 - Level 7.0 Conjurations
 - Level 11.9 Hexes
 - Level 6.8 Charms


You had 15 spell levels left.
You knew the following spells:

 Your Spells              Type           Power        Failure   Level  Hunger
a - Corona                Hex            ######.      1%          1    None
b - Ensorcelled Hibernat  Hex/Ice        #####.       1%          2    None
c - Confuse               Hex            ######..     1%          3    None
d - Sure Blade            Hex/Chrm       ######....   1%          2    None
e - Enslavement           Hex            ######..     1%          4    None
f - Invisibility          Hex            ######..     1%          6    ####...
g - Iskenderun's Mystic   Conj           #####...     1%          4    None
h - Iskenderun's Battles  Conj/Chrm      #####...     1%          5    None
i - Lightning Bolt        Conj/Air       ####......   2%          5    None


Dungeon Overview and Level Annotations

Branches:
Dungeon (1/1)

Altars:
Cheibriados
Dithmenos
Elyvilon
Fedhas
Kikubaaqudgha
Makhleb
Nemelex Xobeh
Okawaru
Sif Muna
Trog
Vehumet
Xom
Yredelemnul
Zin
The Shining One
Beogh
Jiyva
Lugonu

Shops:
D }[:[:(:=?![![=(%

Annotations:
D exclusions: oklob plant and silver statue, Roxanne


Innate Abilities, Weirdness & Mutations

You are tiny and cannot use many weapons and most armour.
You have supernaturally acute eyesight.
You are a herbivore.
You cover ground extremely quickly.
You need consume almost no food.
You are surrounded by a mild repulsion field (EV +2).
Your flesh is cold resistant.
You are robust (+10% HP).
You occasionally shout uncontrollably.
You are weak. (Str -2)


Message History

You feel clever.
Your urge to scream lessens.
Drink which item? (? for menu, Esc to quit)
It has a very clean taste.
You feel healthier.
Your body's shape seems more normal.
Your urge to yell lessens.
You feel clever.
You feel robust.
There is a huge open gate here.
There is a huge open gate here.
There is a huge open gate here.
You can't pick everything up without burdening yourself.
C - 18 viscous cyan potions (gained 15)
You see here 9 viscous cyan potions.
Drink which item? (? for menu, Esc to quit)
You feel extremely strange.
You feel robust.
You feel agile.
You begin to radiate repulsive energy.
It was a potion of mutation.
Drink which item? (? for menu, Esc to quit)
You feel extremely strange.
You feel clumsy.
You feel hot for a moment.
You feel weaker.
You are being crushed by all of your possessions.
Are you sure you want to abandon this character and quit the game? (Confirm with "yes".)

§§§§≈≈≈≈▓▓▓....▓.''''''.#
▓▓▓▓▓▓▓▓▓▓▓'▓▓.▓.§§..≈'.#
[.)[..[.▓▓...▓.▓.'§§.§'.#
()..((()▓▓%⌠.▓.▓.'≈§.≈'.#
(..[%..)▓▓...▓.▓.'≈..≈'.#
.(......▓▓...▓^▓.'≈..§'.#
(...%.)(▓▓...▓.▓.'≈..≈§.#
((..(...▓▓.[.▓.▓.'≈.§≈'.#
.))...[.▓▓.⌠.▓.▓@▓≈.§§▓.#
.(%(.(.(▓▓...▓.▓}▓§..≈▓!#
▓▓▓▓▓▓'▓▓▓▓'▓▓§▓▓▓§§.≈▓▓#
≈≈≈≈≈≈...≈≈≈▓§§§§§§()##
####≈###.≈≈≈▓§.§§§§[##
...#≈≈≈##≈≈≈▓§§§§[§##
_..#≈≈≈§####▓▓▓▓▓%##
._.#≈≈≈≈≈##,,*,,▓≈#
_._#§≈§§§§#,,*,,▓≈#


There were no monsters in sight!

Vanquished Creatures
  A bone dragon (D)
  A golden dragon (D)
  An electric golem (D)
  A hellephant (D)
  A deep elf master archer (D)
  A deep elf blademaster (D)
  A storm dragon (D)
  A kraken (D)
  Kirke (D)
  A frost giant (D)
  A cacodemon (D)
  A draconian shifter (D)
  A crystal guardian (D)
  A yaktaur captain (D)
  A deep elf high priest (D)
  A great orb of eyes (D)
  A hell hog (D)
  2 plague shamblers (D)
  An iron golem (D)
  A centaur warrior (D)
  A skeletal warrior (D)
  2 death drakes (D)
  2 unseen horrors (D)
  A giant orange brain (D)
  A harpy (D)
  15 shining eyes (D)
  2 spiny frogs (D)
  A mermaid (D)
  An eye of devastation (D)
  A kobold demonologist (D)
  A yaktaur (D)
  3 polar bears (D)
  Sonja (D)
  A baby alligator (D)
  3 slime creatures (D)
  6 sharks (D)
  A toenail golem (D)
  2 redbacks (D)
  2 hippogriffs (D)
  2 wyverns (D)
  A clay golem (D)
  3 soldier ants (D)
  5 necrophages (D)
  3 black bears (D)
  A yellow wasp (D)
  4 brain worms (D)
  A crocodile (D)
  6 pulsating lumps (D)
  9 electric eels (D)
  6 big fish (D)
  An iron imp (D)
  10 giant eyeballs (D)
  A crawling corpse (D)
121 creatures vanquished.

Vanquished Creatures (others)
  An elephant (D)
  A clay golem (D)
  Menkaure (D)
  A swamp drake (D)
  A crawling corpse (D)
5 creatures vanquished.

Grand Total: 126 creatures vanquished

Notes
Turn   | Place    | Note
--------------------------------------------------------------
     0 | D        | BluebellGnoll, the Spriggan Enchanter, began the quest for the Orb.
     0 | D        | Reached XP level 1. HP: 9/9 MP: 4/4
     1 | D        | Noticed a necrophage
     1 | D        | Noticed a necrophage
     1 | D        | Noticed a necrophage
     1 | D        | Noticed a necrophage
     4 | D        | Noticed a brain worm
    13 | D        | Killed a brain worm
    13 | D        | Reached skill level 12 in Stealth
    13 | D        | Reached XP level 2. HP: 13/13 MP: 7/7
    13 | D        | Reached XP level 3. HP: 16/16 MP: 9/9
    13 | D        | Reached XP level 4. HP: 20/21 MP: 12/12
    20 | D        | Learned a level 2 spell: Ensorcelled Hibernation
    24 | D        | Learned a level 3 spell: Confuse
    27 | D        | Learned a level 2 spell: Sure Blade
   105 | D        | Noticed a brain worm
   106 | D        | Killed a brain worm
   106 | D        | Reached skill level 5 in Spellcasting
   107 | D        | Noticed a brain worm
   107 | D        | Noticed a brain worm
   109 | D        | Killed a brain worm
   109 | D        | Reached XP level 5. HP: 24/24 MP: 12/21
   111 | D        | Killed a brain worm
   117 | D        | Learned a level 4 spell: Enslavement
   277 | D        | Killed a necrophage
   277 | D        | Reached skill level 10 in Hexes
   277 | D        | Reached XP level 6. HP: 28/28 MP: 6/25
   285 | D        | Killed a necrophage
   285 | D        | Reached skill level 10 in Spellcasting
   292 | D        | Killed a necrophage
   292 | D        | Reached XP level 7. HP: 25/32 MP: 0/28
   312 | D        | Killed Menkaure
   341 | D        | Killed a necrophage
   570 | D        | Learned a level 6 spell: Invisibility
   585 | D        | Noticed a mermaid
   588 | D        | Killed a mermaid
   588 | D        | Reached skill level 13 in Stealth
   595 | D        | Noticed a hippogriff
   595 | D        | Noticed a hippogriff
   598 | D        | Killed a hippogriff
   598 | D        | Reached skill level 5 in Short Blades
   598 | D        | Reached XP level 8. HP: 34/34 MP: 27/30
   601 | D        | Killed a hippogriff
   601 | D        | Reached skill level 14 in Stealth
   606 | D        | Found a blossoming altar of Fedhas.
   607 | D        | Found a glowing golden altar of the Shining One.
   607 | D        | Found an iron altar of Okawaru.
   608 | D        | Found a burning altar of Makhleb.
   609 | D        | Found a snail-covered altar of Cheibriados.
   609 | D        | Found a deep blue altar of Sif Muna.
   609 | D        | Found a bloodstained altar of Trog.
   610 | D        | Found a shadowy altar of Dithmenos.
   610 | D        | Found a basalt altar of Yredelemnul.
   610 | D        | Found a shimmering altar of Xom.
   611 | D        | Found a radiant altar of Vehumet.
   615 | D        | Found an ancient bone altar of Kikubaaqudgha.
   615 | D        | Found a glowing silver altar of Zin.
   615 | D        | Found a corrupted altar of Lugonu.
   616 | D        | Noticed a yaktaur
   616 | D        | Noticed a yellow wasp
   616 | D        | Noticed a polar bear
   617 | D        | Noticed a polar bear
   617 | D        | Noticed a polar bear
   618 | D        | Killed a polar bear
   619 | D        | Killed a polar bear
   619 | D        | Reached skill level 15 in Stealth
   621 | D        | Killed a yellow wasp
   621 | D        | Reached skill level 10 in Dodging
   622 | D        | Killed a polar bear
   624 | D        | Killed a yaktaur
   624 | D        | Reached skill level 16 in Stealth
   624 | D        | Reached XP level 9. HP: 37/37 MP: 23/31
   631 | D        | Found a viscous altar of Jiyva.
   632 | D        | Found a sparkling altar of Nemelex Xobeh.
   632 | D        | Found a white marble altar of Elyvilon.
   632 | D        | Found a roughly hewn altar of Beogh.
   640 | D        | Became a worshipper of Vehumet
   650 | D        | Noticed a pulsating lump
   651 | D        | Noticed a pulsating lump
   651 | D        | Noticed a pulsating lump
   653 | D        | Killed a pulsating lump
   654 | D        | Killed a pulsating lump
   659 | D        | Killed a pulsating lump
   659 | D        | Acquired Vehumet's first power
   659 | D        | Offered knowledge of Shock by Vehumet.
   663 | D        | Noticed an unseen horror
   664 | D        | Noticed an unseen horror
   665 | D        | Killed an unseen horror
   665 | D        | Reached skill level 17 in Stealth
   667 | D        | Killed an unseen horror
   667 | D        | Reached skill level 10 in Short Blades
   667 | D        | Reached skill level 18 in Stealth
   757 | D        | Noticed a plague shambler
   819 | D        | Noticed a death drake
   820 | D        | Noticed a death drake
   820 | D        | Noticed a swamp drake
   820 | D        | Noticed a plague shambler
   821 | D        | Killed a plague shambler
   821 | D        | Offered knowledge of Flame Tongue by Vehumet.
   821 | D        | Reached skill level 19 in Stealth
   821 | D        | Reached XP level 10. HP: 42/42 MP: 24/32
   830 | D        | Killed a swamp drake
   834 | D        | Noticed a kraken
   839 | D        | Noticed a big fish
   839 | D        | Killed a big fish
   842 | D        | Noticed a big fish
   842 | D        | Killed a big fish
   844 | D        | Noticed a big fish
   844 | D        | Killed a big fish
   846 | D        | Noticed a shark
   847 | D        | Noticed a big fish
   848 | D        | Killed a big fish
   848 | D        | Acquired Vehumet's second power
   850 | D        | Noticed a big fish
   850 | D        | Noticed a big fish
   851 | D        | Killed a big fish
   852 | D        | Killed a big fish
   854 | D        | Noticed a shark
   854 | D        | Noticed a shark
   854 | D        | Noticed a shark
   854 | D        | Noticed a shark
   855 | D        | Noticed a shark
   865 | D        | Noticed Roxanne
  1078 | D        | Killed a death drake
  1078 | D        | Offered knowledge of Inner Flame by Vehumet.
  1078 | D        | Reached skill level 20 in Stealth
  1080 | D        | Killed a death drake
  1080 | D        | Acquired Vehumet's third power
  1083 | D        | Killed a plague shambler
  1083 | D        | Reached skill level 21 in Stealth
  1088 | D        | Noticed a deep elf master archer
  1094 | D        | Killed a deep elf master archer
  1094 | D        | Reached skill level 15 in Dodging
  1094 | D        | Reached skill level 22 in Stealth
  1098 | D        | Noticed a pulsating lump
  1098 | D        | Noticed a slime creature
  1098 | D        | Noticed a slime creature
  1098 | D        | Noticed a black bear
  1098 | D        | Noticed a black bear
  1098 | D        | Noticed a redback
  1098 | D        | Noticed a pulsating lump
  1098 | D        | Noticed a pulsating lump
  1098 | D        | Noticed a slime creature
  1098 | D        | Noticed a black bear
  1098 | D        | Noticed a spiny frog
  1098 | D        | Noticed a wyvern
  1098 | D        | Noticed a spiny frog
  1098 | D        | Noticed a wyvern
  1099 | D        | Noticed a redback
  1100 | D        | Killed a wyvern
  1100 | D        | Reached skill level 23 in Stealth
  1101 | D        | Killed a spiny frog
  1101 | D        | Reached XP level 11. HP: 45/45 MP: 33/33
  1103 | D        | Killed a wyvern
  1105 | D        | Killed a spiny frog
  1106 | D        | Killed a slime creature
  1108 | D        | Killed a pulsating lump
  1109 | D        | Killed a pulsating lump
  1110 | D        | Killed a slime creature
  1111 | D        | Killed a slime creature
  1113 | D        | Killed a black bear
  1113 | D        | Reached skill level 24 in Stealth
  1114 | D        | Killed a black bear
  1116 | D        | Killed a black bear
  1118 | D        | Killed a redback
  1120 | D        | Killed a redback
  1124 | D        | Killed a pulsating lump
  1161 | D        | Noticed an iron golem
  1161 | D        | Noticed an electric golem
  1161 | D        | Noticed a toenail golem
  1161 | D        | Noticed a crystal guardian
  1161 | D        | Noticed a clay golem
  1161 | D        | Noticed a clay golem
  1163 | D        | Killed an electric golem
  1163 | D        | Reached skill level 25 in Stealth
  1164 | D        | Killed an iron golem
  1164 | D        | Reached skill level 26 in Stealth
  1328 | D        | Noticed an electric eel
  1330 | D        | Noticed a crocodile
  1331 | D        | Noticed an electric eel
  1331 | D        | Noticed an electric eel
  1331 | D        | Noticed an electric eel
  1338 | D        | Killed a crocodile
  1338 | D        | Offered knowledge of Iskenderun's Mystic Blast by Vehumet.
  1346 | D        | Learned a level 4 spell: Iskenderun's Mystic Blast
  1382 | D        | Killed a clay golem
  1447 | D        | Killed a clay golem
  1596 | D        | Noticed an electric eel
  1596 | D        | Noticed an electric eel
  1596 | D        | Noticed an electric eel
  1597 | D        | Noticed an electric eel
  1598 | D        | Found Ymmecuesm's Weapon Boutique.
  1598 | D        | Found Schoblosch's Food Shop.
  1598 | D        | Noticed Kirke
  1598 | D        | Noticed a yaktaur captain
  1598 | D        | Noticed a kobold demonologist
  1611 | D        | Found Kheirghucw's Jewellery Shop.
  1611 | D        | Found Moseh's Distillery.
  1611 | D        | Found Traal's Antique Armour Boutique.
  1611 | D        | Found Plaakhlaa's Armour Boutique.
  1612 | D        | Found Graikaon's Distillery.
  1612 | D        | Found Hixoifoa's Magic Scroll Boutique.
  1612 | D        | Found Thrin's Jewellery Shop.
  1613 | D        | Found Huokuu's Book Shop.
  1613 | D        | Found Pniutt's Antique Weapon Boutique.
  1614 | D        | Found Phoihoal's Book Boutique.
  1616 | D        | Found Joun's Antique Armour Shop.
  1622 | D        | Noticed an elephant
  1622 | D        | Noticed a centaur warrior
  1622 | D        | Noticed a skeletal warrior
  1624 | D        | Killed a kobold demonologist
  1624 | D        | Offered knowledge of Stone Arrow by Vehumet.
  1624 | D        | Reached skill level 1 in Conjurations
  1631 | D        | Killed Kirke
  1631 | D        | Reached skill level 5 in Conjurations
  1637 | D        | Killed a skeletal warrior
  1641 | D        | Noticed a soldier ant
  1651 | D        | Killed an elephant
  1654 | D        | Killed a soldier ant
  1660 | D        | a centaur warrior (ally) was killed
  1662 | D        | Noticed a soldier ant
  1665 | D        | Noticed a soldier ant
  1671 | D        | Killed a yaktaur captain
  1671 | D        | Reached XP level 12. HP: 41/49 MP: 10/34
  1675 | D        | Killed a soldier ant
  1682 | D        | Killed a soldier ant
  1834 | D        | Noticed a necrophage
  1834 | D        | Noticed an iron imp
  1836 | D        | Killed an iron imp
  1836 | D        | Offered knowledge of Iskenderun's Battlesphere by Vehumet.
  1838 | D        | Killed a necrophage
  1838 | D        | Reached skill level 1 in Fighting
  1847 | D        | Learned a level 5 spell: Iskenderun's Battlesphere
  1850 | D        | Noticed a great orb of eyes
  2160 | D        | Killed a great orb of eyes
  2170 | D        | Noticed a fire dragon
  2170 | D        | Noticed a hell hog
  2170 | D        | Noticed a shining eye
  2170 | D        | Noticed a shining eye
  2170 | D        | Noticed a hell hog
  2170 | D        | Noticed a shining eye
  2179 | D        | Noticed a cacodemon
  2179 | D        | Noticed a golden dragon
  2179 | D        | Noticed a storm dragon
  2183 | D        | Noticed a frost giant
  2183 | D        | Noticed a deep elf high priest
  2183 | D        | Noticed a bone dragon
  2184 | D        | Killed a storm dragon
  2186 | D        | Killed a golden dragon
  2187 | D        | Killed a bone dragon
  2187 | D        | Reached skill level 5 in Fighting
  2189 | D        | Killed a cacodemon
  2191 | D        | Killed a frost giant
  2191 | D        | Reached skill level 15 in Short Blades
  2416 | D        | Killed a deep elf high priest
  2416 | D        | Offered knowledge of Lightning Bolt by Vehumet.
  2416 | D        | Reached XP level 13. HP: 55/64 MP: 23/37
  2422 | D        | Killed an electric eel
  2423 | D        | Killed an electric eel
  2428 | D        | Killed an electric eel
  2429 | D        | Noticed an electric eel
  2439 | D        | Learned a level 5 spell: Lightning Bolt
  2574 | D        | Killed an electric eel
  2575 | D        | Killed an electric eel
  2583 | D        | Killed an electric eel
  2583 | D        | Killed an electric eel
  2591 | D        | Killed an electric eel
  2595 | D        | Killed an electric eel
  2674 | D        | Killed a shining eye
  2675 | D        | Killed a shining eye
  2675 | D        | Offered knowledge of Bolt of Cold by Vehumet.
  2675 | D        | Reached skill level 15 in Spellcasting
  2677 | D        | Killed a shining eye
  2680 | D        | Killed a hell hog
  3032 | D        | Noticed an ice dragon
  3033 | D        | Found Klauli's Armour Shop.
  3034 | D        | Found Ifikhli's Gadget Boutique.
  3034 | D        | Noticed an oklob plant
  3035 | D        | Found Trekkun's Book Shoppe.
  3036 | D        | Bought a potion of berserk rage for 30 gold pieces
  3036 | D        | Bought a potion of curing for 20 gold pieces
  3036 | D        | Bought 2 potions of haste for 140 gold pieces
  3036 | D        | Bought a potion of heal wounds for 30 gold pieces
  3036 | D        | Bought a potion of brilliance for 25 gold pieces
  3038 | D        | Noticed a death yak
  3038 | D        | Noticed an iron elemental
  3039 | D        | Bought a scroll of remove curse for 36 gold pieces
  3039 | D        | Bought a scroll of magic mapping for 42 gold pieces
  3066 | D        | Bought the ring of the Furies {Wiz rPois} for 535 gold pieces
  3071 | D        | Bought a scroll of identify for 24 gold pieces
  3071 | D        | Bought a scroll of identify for 24 gold pieces
  3091 | D        | Noticed a baby alligator
  3091 | D        | Noticed an ice statue
  3126 | D        | Killed a baby alligator
  3230 | D        | Killed a toenail golem
  3249 | D        | Killed a crystal guardian
  3473 | D        | Upgraded the game from 0.14-a0-3509-g488b3d4 to 0.14-a0-3520-g290746a
  3484 | D        | Killed a kraken
  3486 | D        | Noticed a black draconian shifter
  3487 | D        | Noticed Sonja
  3487 | D        | Noticed a hellephant
  3487 | D        | Noticed a giant orange brain
  3490 | D        | Killed a black draconian shifter
  3491 | D        | Killed a giant orange brain
  3496 | D        | Killed a hellephant
  3498 | D        | Killed Sonja
  3600 | D        | Noticed an eye of devastation
  3605 | D        | Noticed a deep elf blademaster
  3606 | D        | Noticed a harpy
  3608 | D        | Killed an eye of devastation
  3608 | D        | Offered knowledge of Force Lance by Vehumet.
  3609 | D        | Killed a deep elf blademaster
  3614 | D        | Killed a harpy
  3620 | D        | Killed a shark
  3629 | D        | Killed a shark
  3632 | D        | Killed a shark
  3639 | D        | Killed a shark
  3645 | D        | Killed a shark
  3652 | D        | Killed a shark
  3763 | D        | Noticed a silver statue
  3792 | D        | Noticed a shining eye
  3792 | D        | Noticed a shining eye
  3792 | D        | Noticed a shining eye
  3792 | D        | Noticed a shining eye
  3792 | D        | Noticed a shining eye
  3792 | D        | Noticed a shining eye
  3792 | D        | Noticed a shining eye
  3792 | D        | Noticed a shining eye
  3792 | D        | Noticed a shining eye
  3792 | D        | Noticed a shining eye
  3792 | D        | Noticed a shining eye
  3792 | D        | Noticed a shining eye
  3794 | D        | Killed a shining eye
  3795 | D        | Killed a shining eye
  3795 | D        | Offered knowledge of Ozocubu's Refrigeration by Vehumet.
  3798 | D        | Killed a shining eye
  3799 | D        | Killed a shining eye
  3803 | D        | Killed a shining eye
  3805 | D        | Gained mutation: You are dopey. (Int -2) [a shining eye]
  3808 | D        | Gained mutation: You have a pair of small antennae on your head. [a shining eye]
  3810 | D        | Gained mutation: You occasionally shout uncontrollably. [a shining eye]
  3811 | D        | Gained mutation: You sometimes yell uncontrollably. [a shining eye]
  3813 | D        | Killed a shining eye
  3814 | D        | Lost mutation: You are dopey. (Int -2) [a shining eye]
  3815 | D        | Killed a shining eye
  3816 | D        | Gained mutation: Your body is slowly deteriorating. [a shining eye]
  3822 | D        | Gained mutation: Your magical capacity is low (-10% MP). [a shining eye]
  3824 | D        | Killed a shining eye
  3824 | D        | Gained mutation: You are frail (-10% HP). [a shining eye]
  3831 | D        | Gained mutation: You are dopey. (Int -2) [a shining eye]
  3840 | D        | Gained mutation: You are weak. (Str -2) [a shining eye]
  3842 | D        | Gained mutation: You are very frail (-20% HP). [a shining eye]
  3847 | D        | Gained mutation: You are extremely frail (-30% HP). [a shining eye]
  3851 | D        | Killed a shining eye
  3856 | D        | Gained mutation: Your body is deteriorating. [a shining eye]
  3859 | D        | Gained mutation: Your body is rapidly deteriorating. [a shining eye]
  3869 | D        | Paralysed by a giant eyeball for 2 turns
  3870 | D        | Gained mutation: You are very dopey. (Int -4) [a shining eye]
  3879 | D        | Gained mutation: You heal slowly when monsters are visible. [a shining eye]
  3890 | D        | Paralysed by a giant eyeball for 2 turns
  3902 | D        | Killed a shining eye
  3907 | D        | Paralysed by a giant eyeball for 2 turns
  3909 | D        | Gained mutation: Armour fits poorly on your strangely shaped body. [a shining eye]
  3916 | D        | Gained mutation: You frequently scream uncontrollably. [a shining eye]
  3918 | D        | Paralysed by a giant eyeball for 2 turns
  3925 | D        | Killed a shining eye
  3925 | D        | Killed a shining eye
  3934 | D        | Paralysed by a giant eyeball for 4 turns
  3945 | D        | Paralysed by a giant eyeball for 4 turns
  3962 | D        | Paralysed by a giant eyeball for 3 turns
  4023 | D        | Lost mutation: Your magical capacity is low (-10% MP). [potion of cure mutation]
  4023 | D        | Lost mutation: You are extremely frail (-30% HP). [potion of cure mutation]
  4023 | D        | Lost mutation: Your body is rapidly deteriorating. [potion of cure mutation]
  4023 | D        | Lost mutation: You are weak. (Str -2) [potion of cure mutation]
  4023 | D        | Lost mutation: You heal slowly when monsters are visible. [potion of cure mutation]
  4023 | D        | Lost mutation: You are very frail (-20% HP). [potion of cure mutation]
  4024 | D        | Lost mutation: You have a pair of small antennae on your head. [potion of cure mutation]
  4024 | D        | Lost mutation: Your body is deteriorating. [potion of cure mutation]
  4024 | D        | Lost mutation: You are very dopey. (Int -4) [potion of cure mutation]
  4024 | D        | Lost mutation: You frequently scream uncontrollably. [potion of cure mutation]
  4025 | D        | Lost mutation: Your body is slowly deteriorating. [potion of cure mutation]
  4025 | D        | Lost mutation: Armour fits poorly on your strangely shaped body. [potion of cure mutation]
  4025 | D        | Lost mutation: You sometimes yell uncontrollably. [potion of cure mutation]
  4025 | D        | Lost mutation: You are dopey. (Int -2) [potion of cure mutation]
  4025 | D        | Lost mutation: You are frail (-10% HP). [potion of cure mutation]
  4037 | D        | Gained mutation: You are robust (+10% HP). [potion of mutation]
  4037 | D        | Gained mutation: You are agile. (Dex +2) [potion of mutation]
  4037 | D        | Gained mutation: You are surrounded by a mild repulsion field (EV +2). [potion of mutation]
  4038 | D        | Lost mutation: You are agile. (Dex +2) [potion of mutation]
  4038 | D        | Gained mutation: Your flesh is cold resistant. [potion of mutation]
  4038 | D        | Gained mutation: You are weak. (Str -2) [potion of mutation]
  4039 | D        | Quit the game

Action                   |  1- 3 |  4- 6 |  7- 9 | 10-12 | 13-15 || total
-------------------------+-------+-------+-------+-------+-------++-------
Melee: Dagger            |     7 |    19 |    37 |   162 |   155 ||   380
 Cast: Confuse           |       |     8 |     4 |    19 |    18 ||    49
       Sure Blade        |       |     1 |     3 |    13 |     8 ||    25
       Invisibility      |       |       |     2 |     2 |     2 ||     6
       Iskenderun's Myst |       |       |       |    12 |    27 ||    39
       Ensorcelled Hiber |       |       |       |     5 |     7 ||    12
       Enslavement       |       |       |       |     1 |       ||     1
       Iskenderun's Batt |       |       |       |     2 |     6 ||     8
       Lightning Bolt    |       |       |       |       |     4 ||     4
  Use: Potion            |     1 |       |     1 |     4 |    12 ||    18
       Scroll            |       |       |       |     7 |     6 ||    13
 Stab: Sleeping          |       |     3 |    13 |    34 |    24 ||    74
       Confused          |       |     2 |     2 |     3 |     8 ||    15
       Invisible         |       |       |       |     6 |       ||     6
